 Dungeon Crawl Stone Soup version 0.18.1-6-gd335043 (webtiles) character file.

4004 epen the Schismatic (level 10, 0/76 HPs)
             Began as a Demonspawn Abyssal Knight on May 19, 2016.
             Was an Elder of Lugonu.
             Slain by a wight
             ... wielding a cursed +1 dire flail of freezing
              (2 damage)
             ... on level 8 of the Dungeon.
             The game lasted 00:18:33 (10667 turns).

epen the Schismatic (Demonspawn Abyssal Knight)    Turns: 10667, Time: 00:18:35

Health: 0/76       AC: 15    Str: 17    XL:     10   Next: 3%
Magic:  17/17      EV: 13    Int: 13    God:    Lugonu [****..]
Gold:   261        SH:  0    Dex: 12    Spells: 0 memorised, 9 levels left

rFire  + . .     SeeInvis .     p - +1 dagger (venom)
rCold  + . .     Gourm    .     h - +3 leather armour {rC+}
rNeg   . . .     Faith    .     (no shield)
rPois  +         Spirit   .     y - +0 helmet
rElec  .         Dismiss  .     (no cloak)
rCorr  .         Reflect  .     B - +0 pair of gloves
SustAt .         Harm     .     (no boots)
MR     .....     Clarity  +     (no amulet)
Stlth  ..........               D - ring of poison resistance
                                u - ring of loudness (curse)

@: drained, not resistant to hostile enchantments, extremely unstealthy
A: hooves 2, rough black scales 2, clarity, demonic guardian 2, fire resistance
1, strong 1
a: Depart the Abyss, Bend Space, Banish, Corrupt, Renounce Religion


You were on level 8 of the Dungeon.
You worshipped Lugonu.
Lugonu was greatly pleased with you.
You were hungry.

You visited 1 branch of the dungeon, and saw 9 of its levels.
You visited the Abyss 1 time.
You also visited: Sewer.

You collected 499 gold pieces.
You spent 238 gold pieces at shops.

Inventory:

Hand Weapons
 a - a +2 falchion
 n - a -2 short sword
 p - a +1 dagger of venom (weapon)
Missiles
 o - 2 throwing nets (quivered)
Armour
 b - a +0 leather armour
 h - a +3 leather armour of cold resistance (worn)
 y - a +0 helmet (worn)
 B - a +0 pair of gloves (worn)
Jewellery
 u - a cursed ring of loudness (left hand)
 D - a ring of poison resistance (right hand)
 K - the brooch of Shielding {Reflect SH+8}
   (You found it on level 8 of the Dungeon)

   [amulet of reflection]

   It shields you and reflects attacks.
   It affects your SH (+8).
Scrolls
 d - 4 scrolls of fear
 m - a scroll of recharging
 q - a scroll of enchant weapon
 r - a scroll of fog {unknown}
 s - 4 scrolls of teleportation
 w - 4 scrolls of identify
 A - 2 scrolls of remove curse
 G - a scroll of blinking
 I - a scroll of enchant armour {unknown}
 J - a scroll of immolation {unknown}
 L - a scroll of vulnerability {unknown}
Potions
 e - 9 potions of curing
 f - 2 potions of mutation {unknown}
 g - 3 potions of agility
 i - 3 potions of heal wounds
 l - a potion of might
 t - a potion of invisibility {unknown}
 v - a potion of magic {unknown}
 x - 2 potions of haste
 z - 4 potions of flight
 C - 4 potions of lignification
 E - 2 potions of brilliance {unknown}
Books
 H - a book of Fire

   Spells                             Type                      Level
   a - Ignite Poison                  Fire/Transmutation/Poison    3
   b - Fireball                       Conjuration/Fire             5
   c - Bolt of Fire                   Conjuration/Fire             6
   d - Delayed Fireball               Conjuration/Fire             7
   e - Ring of Flames                 Charms/Fire                  7
Comestibles
 c - 11 bread rations
 j - 9 meat rations
 k - 3 beef jerkies
 F - 2 fruits


   Skills:
 + Level 6.2(5.1) Fighting
 * Level 7.3(6.1) Long Blades
 + Level 5.2(4.1) Armour
 + Level 5.0(3.9) Dodging
 * Level 10.3(9.1) Invocations


You had 9 spell levels left.
You didn't know any spells.

Dungeon Overview and Level Annotations

Branches:
Dungeon (9/15)             Temple (0/1) D:4
   Lair: D:8-11         Orc: D:9-12

Altars:
Ashenzari
Gozag
Makhleb
Okawaru
Ru
Xom
The Shining One

Shops:
D:7 ![   D:8 =

Annotations:
D:7 corrupted


Innate Abilities, Weirdness & Mutations

You have hoof-like feet.
You are mostly covered in rough black scales (AC +7, Dex -2).
A demonic guardian rushes to your aid.
Your flesh is heat resistant.
You possess an exceptional clarity of mind.
Your muscles are strong. (Str +2)


Message History

There is a stone staircase leading up here.
The wight hits you with a dire flail of freezing!
* * * LOW HITPOINT WARNING * * *
You feel drained. The wight freezes you.
* * * LOW HITPOINT WARNING * * *
You climb upwards.
There is a stone staircase leading down here.
Unknown command.
Press: ? - help, v - describe, . - travel
Here: a wight, wielding a dire flail of freezing and wearing a robe (heavily damaged)
The floor.
Unknown command.
Drink which item? (? for menu, Esc to quit)
You feel much better.
The wight hits you with a dire flail of freezing!
* * * LOW HITPOINT WARNING * * *
You feel drained.
* * * LOW HITPOINT WARNING * * *
The wight freezes you.
You die...

##..........#)....#
...........).(...>#
##..........#[...##
#........####....#
#........####....#
...........##((..#
.........#.##(##.#
∩........#.##(##z#
.........#.##(##@#
.........#..#.##.#
.##########.#.##.# .#
#...####.#[##.# ##
#...'......##.#########
###...####.####.##......#
#................#.####.#
#...........###..#.#..#.#
#................#....#.#


You could see a wight.

Vanquished Creatures
  Pikel (D:3)
  Prince Ribbit (D:5)
  Sigmund (D:4)
  Eustachio (D:4)
  Duvessa (D:4)
  2 ice beasts
  A slave (D:3)
  3 orc warriors
  3 ogres
  4 phantoms
  A centaur (D:7)
  A giant frog (D:5)
  4 big kobolds
  Dowan (D:4)
  3 scorpions
  4 killer bees (D:7)
  3 crimson imps
  A centaur zombie (D:7)
  A jelly (D:8)
  A giant frog zombie (D:9)
  5 hounds
  2 centaur skeletons
  4 orc wizards
  4 orc priests
  A giant frog skeleton (D:5)
  2 iguanas (D:4)
  6 worker ants
  A killer bee zombie (D:6)
  Robin (D:4)
  15 adders
  3 river rats (Sewer)
  2 shadow imps
  An adder skeleton (D:9)
  An adder zombie (D:5)
  6 worms
  2 dart slugs
  4 giant geckos
  12 orcs
  5 giant cockroaches
  10 goblins
  8 hobgoblins
  12 jackals
  A quokka (D:3)
  3 ball pythons
  7 bats
  6 giant newts
  20 kobolds
  8 rats
190 creatures vanquished.

Vanquished Creatures (collateral kills)
  A hippogriff (D:9)
  A water moccasin (D:5)
  An ogre (D:3)
  A killer bee (D:7)
  A wight (D:9)
  An iguana (D:6)
  An orc (D:8)
  A hobgoblin (D:4)
  A jackal (Sewer)
  2 kobolds (D:9)
11 creatures vanquished.

Vanquished Creatures (others)
  A hungry ghost (D:7)
  An orc warrior (D:7)
  A necrophage (D:7)
  A phantom (D:4)
  A killer bee (D:7)
  A howler monkey (D:4)
  An orc priest (D:7)
  An orc wizard (D:7)
  A killer bee zombie (D:7)
  A hound zombie (D:7)
  3 orcs (D:7)
  A giant cockroach (D:4)
  A giant gecko zombie (D:7)
  A goblin (D:4)
  2 starspawn tentacles (D:7)
  33 starspawn tentacle segments (D:7)
51 creatures vanquished.

Grand Total: 252 creatures vanquished

Notes
Turn   | Place    | Note
--------------------------------------------------------------
     0 | Abyss:1  | epen the Demonspawn Abyssal Knight began the quest for the Orb.
     0 | Abyss:1  | Reached XP level 1. HP: 18/18 MP: 2/2
    51 | Abyss:1  | Noticed a ynoxinul
    77 | Abyss:1  | Noticed a flying skull
    81 | Abyss:1  | Noticed a small abomination
    82 | D:1      | Escaped the Abyss
   156 | D:1      | Reached skill level 1 in Dodging
   177 | D:1      | Reached * piety under Lugonu
   532 | D:1      | Gained mutation: Your flesh is heat resistant. [demonic ancestry]
   532 | D:1      | Reached XP level 2. HP: 19/24 MP: 3/3
  1075 | D:1      | Reached skill level 3 in Invocations
  1511 | D:2      | Gained mutation: You are partially covered in rough black scales (AC +4, Dex -1). [demonic ancestry]
  1511 | D:2      | Reached XP level 3. HP: 15/29 MP: 5/5
  2285 | D:2      | Reached XP level 4. HP: 20/35 MP: 6/6
  2674 | D:2      | Found a faded altar to an unknown god.
  3040 | D:3      | Reached ** piety under Lugonu
  3184 | D:3      | Reached skill level 4 in Invocations
  3445 | D:3      | Gained mutation: A weak demonic guardian rushes to your aid. [demonic ancestry]
  3445 | D:3      | Reached XP level 5. HP: 18/41 MP: 8/8
  4032 | D:4      | Found a burning altar of Makhleb.
  4033 | D:4      | Found a glowing golden altar of the Shining One.
  4033 | D:4      | Found an opulent altar of Gozag.
  4033 | D:4      | Found a shimmering altar of Xom.
  4045 | D:4      | Noticed a slave
  4045 | D:4      | Noticed an ogre
  4101 | D:3      | Killed an ogre
  4254 | D:3      | Killed a slave
  4333 | D:4      | Noticed a slave
  4334 | D:4      | Noticed a slave
  4335 | D:4      | Noticed Pikel
  4416 | D:3      | Killed Pikel
  4416 | D:3      | Reached skill level 5 in Invocations
  4416 | D:3      | Gained mutation: You have large cloven feet. [demonic ancestry]
  4416 | D:3      | Reached XP level 6. HP: 40/48 MP: 8/10
  4416 | D:3      | Reached XP level 7. HP: 45/54 MP: 8/11
  4495 | D:4      | Noticed Sigmund
  4505 | D:4      | Killed Sigmund
  4505 | D:4      | Reached skill level 6 in Invocations
  4510 | D:4      | Noticed Robin
  4537 | D:4      | Killed Robin
  4574 | D:4      | Found a staircase to the Ecumenical Temple.
  4576 | D:4      | Found a shattered altar of Ashenzari.
  4965 | D:4      | Noticed Eustachio
  4993 | D:4      | Killed Eustachio
  5213 | D:4      | Noticed Duvessa
  5213 | D:4      | Noticed Dowan
  5240 | D:4      | Killed Duvessa
  5245 | D:4      | Gained mutation: You are mostly covered in rough black scales (AC +7, Dex -2). [demonic ancestry]
  5245 | D:4      | Reached XP level 8. HP: 25/61 MP: 13/13
  5249 | D:4      | Killed Dowan
  5249 | D:4      | Reached skill level 5 in Long Blades
  5249 | D:4      | Reached skill level 7 in Invocations
  5592 | D:4      | Reached *** piety under Lugonu
  5616 | D:4      | Found an iron altar of Okawaru.
  5698 | D:5      | Entered Level 5 of the Dungeon
  5779 | D:5      | Found a glowing drain.
  5819 | Sewer    | Entered a sewer
  6074 | Sewer    | Found a white marble altar of Elyvilon.
  6476 | D:5      | Reached skill level 5 in Fighting
  6496 | D:5      | Noticed Prince Ribbit
  6513 | D:5      | Killed Prince Ribbit
  6513 | D:5      | Reached skill level 8 in Invocations
  6705 | D:5      | Reached **** piety under Lugonu
  7450 | D:6      | Gained mutation: You have hoof-like feet. [demonic ancestry]
  7450 | D:6      | Reached XP level 9. HP: 33/68 MP: 15/15
  8177 | D:6      | Reached skill level 9 in Invocations
  8442 | D:6      | Gained mutation: Your muscles are strong. (Str +2) [potion of beneficial mutation]
  8443 | D:6      | Gained mutation: You possess an exceptional clarity of mind. [potion of beneficial mutation]
  8709 | D:7      | Found Foxkagre's Armour Boutique.
  9158 | D:7      | Corrupted D:7
  9158 | D:7      | Noticed an orange demon
  9158 | D:7      | Noticed a spatial maelstrom
  9158 | D:7      | Noticed a starcursed mass
  9158 | D:7      | Noticed a freezing wraith
  9158 | D:7      | Noticed a starcursed mass
  9159 | D:7      | Noticed a white very ugly thing
  9160 | D:7      | Noticed a large abomination
  9206 | D:7      | Noticed a large abomination
  9463 | D:7      | Found Isaaxt's Distillery.
  9475 | D:7      | Bought a potion of heal wounds for 70 gold pieces
  9475 | D:7      | Bought a potion of curing for 42 gold pieces
  9475 | D:7      | Bought a potion of curing for 42 gold pieces
  9475 | D:7      | Bought a potion of curing for 42 gold pieces
  9475 | D:7      | Bought a potion of curing for 42 gold pieces
  9927 | D:8      | Reached skill level 5 in Armour
  9933 | D:8      | Found Benargh's Jewellery Shop.
 10188 | D:8      | Reached skill level 10 in Invocations
 10524 | D:9      | Reached skill level 5 in Dodging
 10544 | D:9      | Gained mutation: A demonic guardian rushes to your aid. [demonic ancestry]
 10544 | D:9      | Reached XP level 10. HP: 40/76 MP: 17/17
 10605 | D:9      | Found a sacrificial altar of Ru.
 10667 | D:8      | HP: 2/76 [wight/dire flail of freezing (4)]
 10667 | D:8      | Slain by a wight

Skill      XL: |  1  2  3  4  5  6  7  8  9 |
---------------+----------------------------+-----
Dodging        | 1 2 3 5 |  5.0
Armour         | 2 3 4 5 |  5.2
Long Blades    | 2 3 4 6 7 |  7.3
Invocations    | 3 4 5 6 8 10 | 10.3
Fighting       | 4 5 6 |  6.2

Action                   |  1- 3 |  4- 6 |  7- 9 | 10-12 || total
-------------------------+-------+-------+-------+-------++-------
Melee: Falchion          |   150 |   153 |    36 |       ||   339
       Short sword       |       |     2 |       |       ||     2
       Dagger            |       |       |   866 |    22 ||   888
       Kick              |       |       |   231 |     7 ||   238
Invok: Depart the Abyss  |     1 |       |       |       ||     1
       Bend Space        |       |       |     1 |       ||     1
       Corrupt           |       |       |     1 |       ||     1
  Use: Potion            |     3 |     2 |     2 |     1 ||     8
       Scroll            |       |     6 |     7 |       ||    13
 Stab: Distracted        |       |       |     2 |       ||     2
  Eat: Chunk             |     4 |     7 |    19 |       ||    30
       Beef jerky        |       |       |     2 |       ||     2
Armor: Leather armour    |    50 |    54 |   298 |     8 ||   410
Dodge: Dodged            |   105 |    81 |   454 |    10 ||   650
